 Dungeon Crawl Stone Soup version 0.24-a0-784-g601f8f6d22 (webtiles) character file.

Game seed: 15575114621762208866, levelgen mode: deterministic

77 Gynju the Firebug (level 4, 0/24 HPs)
             Began as a Deep Elf Fire Elementalist on Oct 9, 2019.
             Slain by Purgy (3 damage)
             ... in a sewer.
             The game lasted 00:02:57 (2515 turns).

Gynju the Firebug (Deep Elf Fire Elementalist)      Turns: 2515, Time: 00:02:58

Health: 0/24       AC:  2    Str:  5    XL:     4   Next: 14%
Magic:  6/11       EV: 13    Int: 21    God:
Gold:   94         SH:  0    Dex: 15    Spells: 9/10 levels left

rFire    . . .     SeeInvis .   k - +0 great sword
rCold    . . .     Gourm    .   (shield currently unavailable)
rNeg     . . .     Faith    +   a - +0 robe
rPois    .         Spirit   .   (no helmet)
rElec    .         Reflect  .   (no cloak)
rCorr    .         Harm     .   (no gloves)
MR       .....                  (no boots)
Stlth    ++........             n - amulet of faith
HPRegen  0.08/turn              (no ring)
MPRegen  0.12/turn              (no ring)

@: no status effects
A: no striking features
a: no special abilities


You were in a sewer.
You were not hungry.

You visited 1 branch of the dungeon, and saw 3 of its levels.
You also visited: Sewer.

You collected 94 gold pieces.

Inventory:

Hand Weapons
 k - a +0 great sword (weapon)
Armour
 a - a +0 robe (worn)
Jewellery
 n - an amulet of faith (around neck)
Wands
 p - a wand of enslavement (6)
Scrolls
 b - 7 scrolls of identify {unknown}
 d - 4 scrolls of remove curse {unknown}
 e - 2 scrolls of immolation {unknown}
 h - a scroll of enchant armour {unknown}
 i - a scroll of fear {unknown}
 l - a scroll of random uselessness {unknown}
 o - a scroll of amnesia {unknown}
 r - a scroll of teleportation {unknown}
Potions
 f - a potion of cancellation {unknown}
 g - a potion of flight {unknown}
 j - 3 potions of heal wounds {unknown}
 m - 2 potions of mutation {unknown}
 q - a potion of curing {unknown}
Comestibles
 c - 6 rations


   Skills:
 + Level 3.3 Dodging
 - Level 2.4 Stealth
 + Level 3.9 Spellcasting
 + Level 2.5 Conjurations
 + Level 3.9 Fire Magic


You had 9 spell levels left.
You knew the following spells:

 Your Spells              Type           Power        Failure   Level  Hunger
a - Flame Tongue          Conj/Fire      ###..        3%          1    None

Your spell library contained the following spells:

 Spells                   Type           Power        Failure   Level  Hunger
 Throw Flame              Conj/Fire      ###...       4%          2    #......
 Conjure Flame            Conj/Fire      ###.....     10%         3    ###....
 Inner Flame              Hex/Fire       ##......     16%         3    ###....
 Sticky Flame             Conj/Fire      ###.....     32%         4    ####...
 Fireball                 Conj/Fire      ###.......   65%         5    ######.


Dungeon Overview and Level Annotations

Branches:
Dungeon (3/15)              Sewer (1/1)

Altars:

Annotations:
D:3 1 runed translucent door, anet's ghost, amateur HaWz Sewer Purgy


Message History

Casting: Flame Tongue (safe; 3% risk of failure)
Confirm with . or Enter, or press ? or * to list all spells.
Aiming: Flame Tongue (safe; 3% risk of failure)
Press: ? - help, Shift-Dir - straight line, f/p - Purgy
Aim: Purgy (lightly wounded)
The flame tongue hits Purgy.
Purgy is moderately wounded.
Purgy barely misses you.
You riposte.
You barely miss Purgy.
Purgy is moderately wounded.
Purgy misses you. Purgy claws you.
* * * LOW HITPOINT WARNING * * *
Casting: Flame Tongue (safe; 3% risk of failure)
Confirm with . or Enter, or press ? or * to list all spells.
Aiming: Flame Tongue (safe; 3% risk of failure)
Press: ? - help, Shift-Dir - straight line, f/p - Purgy
Aim: Purgy (moderately wounded)
The flame tongue hits Purgy.
Purgy is moderately wounded.
Purgy bites you but does no damage. Purgy claws you.
You die...

+.≈≈≈.'..#
#.≈≈≈.####
#.≈≈≈.####
+.≈≈≈.'..#
#.≈≈≈.####
####.≈≈≈.####
#∩....∩..'..#
####.≈≈≈.####
#@≈≈≈.####
#!.T.≈≈≈.'.)#
####.≈≈≈.####
#.≈≈≈.####
+.≈≈≈.'..#
#.≈≈≈.####
#.≈≈≈.####
+.≈≈≈.'..#
##########


You could see Purgy.

Vanquished Creatures
  3 adders
  5 dart slugs
  A leopard gecko (D:1)
  An orc (D:3)
  5 giant cockroaches
  3 goblins
  2 hobgoblins (D:1)
  3 jackals (D:1)
  4 kobolds
  3 ball pythons (D:3)
  3 bats
  2 frilled lizards
  6 rats
41 creatures vanquished.

Notes
Turn   | Place    | Note
-------+----------+-------------------------------------------
     0 | D:1      | Gynju the Deep Elf Fire Elementalist began the quest for
                  | the Orb.
     0 | D:1      | Reached XP level 1. HP: 10/10 MP: 6/6
   421 | D:1      | Reached XP level 2. HP: 15/15 MP: 5/8
  1279 | D:2      | Reached XP level 3. HP: 19/19 MP: 8/10
  1893 | D:3      | Found a runed translucent door.
  1898 | D:3      | Noticed anet's ghost (amateur HaWz)
  2113 | D:3      | Reached XP level 4. HP: 21/24 MP: 5/11
  2328 | D:3      | Found a glowing drain.
  2343 | Sewer    | Entered a sewer
  2510 | Sewer    | Noticed Purgy
  2515 | Sewer    | Slain by Purgy

Levels and vault maps discovered:
D:1:      matt_arrival_refuge, layout_basic
D:2:      layout_loops_ring, first_ration
D:3:      layout_loops_corners, portal_sewer_entry_b, ebering_ghost_sewer_f
Sewer:    kennysheep_door_sewer

Skill      XL: |  1  2  3 |
---------------+----------+-----
Conjurations   | 2 |  2.5
Dodging        | 3 |  3.3
Stealth        | |  2.4
Spellcasting   | |  3.9
Fire Magic     | |  3.9

Action                   |  1- 3 |  4- 6 || total
-------------------------+-------+-------++-------
Melee: Unarmed           |     1 |       ||     1
 Cast: Flame Tongue      |    57 |    18 ||    75
  Eat: Chunk             |     3 |     2 ||     5
Armor: Robe              |     6 |     4 ||    10
Dodge: Dodged            |    17 |    14 ||    31
       Rpst.: Great sword |     1 |     2 ||     3

Table legend:
 A = Non-vault XP
 B = Vault XP
 C = Vault XP percentage of total XP
 D = Non-vault monster count
 E = Vault monster count
 F = Vault count percentage of total count
                 A         B        C        D         E       F
            +---------+---------+-------+---------+---------+-------
      Total |      99 |      12 |  10.8 |      32 |       9 |  22.0
            +---------+---------+-------+---------+---------+-------
        D:1 |      39 |       0 |   0.0 |      19 |       0 |   0.0
        D:2 |      37 |       0 |   0.0 |       7 |       0 |   0.0
        D:3 |      23 |       7 |  23.3 |       6 |       6 |  50.0
      Sewer |       0 |       5 | 100.0 |       0 |       3 | 100.0
            +---------+---------+-------+---------+---------+-------
